 Dungeon Crawl Stone Soup version 0.29-a0-96-g93358da72b (webtiles) character file.

Game seed: 8126626042029146454

232 drugrobin the Poker (level 5, -2/41 HPs)
             Began as a Demigod Warper on Feb 11, 2022.
             Killed by divine providence
             ... invoked by an orc priest
              (12 damage)
             ... on level 3 of the Dungeon.
             The game lasted 00:14:10 (6381 turns).

drugrobin the Poker (Demigod Warper)                Turns: 6381, Time: 00:14:11

Health: -2/41      AC:  3    Str: 16    XL:     5   Next: 45%
Magic:  9/11       EV: 11    Int: 15    God:
Gold:   139        SH:  0    Dex: 13    Spells: 3/9 levels left

rFire   . . .      SeeInvis .   a - +0 spear
rCold   + . .      Faith    .   (no shield)
rNeg    . . .      Spirit   .   p - +0 leather armour
rPois   .          Reflect  .   (no helmet)
rElec   .          Harm     .   (no cloak)
rCorr   .          Rampage  .   (no gloves)
Will    .....                   (no boots)
Stlth   +.........              (no amulet)
HPRegen 0.13/turn               f - ring of protection from cold
MPRegen 0.12/turn               (no ring)

@: no status effects
A: high MP 1, forlorn, divine attributes
a: no special abilities


You were on level 3 of the Dungeon.
You visited 1 branch of the dungeon, and saw 4 of its levels.

You collected 139 gold pieces.

Inventory:

Hand Weapons
 a - a +0 spear (weapon)
 b - a +0 hunting sling
 s - a +1 dagger of protection
Missiles
 d - 5 boomerangs of dispersal
 h - 23 arrows
 k - 73 stones (quivered)
 q - 11 sling bullets
Armour
 p - a +0 leather armour (worn)
Jewellery
 f - a ring of protection from cold (left hand)
Wands
 m - a wand of flame (13)
Scrolls
 n - a scroll of fog {unknown}
 r - a scroll of silence {unknown}
Potions
 e - 2 potions of curing {unknown}
 g - a potion of resistance {unknown}
 l - a potion of magic {unknown}
 o - a potion of degeneration {unknown}


   Skills:
 - Level 1.7 Fighting
 + Level 4.7 Polearms
 - Level 0.8 Throwing
 - Level 0.8 Armour
 - Level 1.7 Dodging
 + Level 2.5 Spellcasting
 + Level 1.7 Hexes
 - Level 2.6 Translocations


You had 3 spell levels left.
You knew the following spells:

 Your Spells              Type           Power      Damage    Failure   Level
a - Blink                 Tloc           18%        N/A       13%         2
b - Teleport Other        Tloc           9%         N/A       26%         3
c - Slow                  Hex            28%        N/A       12%         1

Your spell library contained the following spells:

 Spells                   Type           Power      Damage    Failure   Level
 Gell's Gravitas          Tloc           9%         N/A       26%         3
 Lesser Beckoning         Tloc           9%         N/A       26%         3
 Confusing Touch          Hex            7%         N/A       36%         3
 Dazzling Flash           Conj/Hex       8%         N/A       47%         3
 Vampiric Draining        Necr           1%         2d6       61%         3
 Manifold Assault         Tloc           9%         N/A       94%         5
 Silence                  Hex/Air        2%         N/A       99%         5
 Agony                    Necr           1%         N/A       100%        5


Dungeon Overview and Level Annotations

Branches:
Dungeon (4/15)             Temple (0/1) D:4

Annotations:
D:1 Robin
D:3 Menkaure, Sigmund
D:4 Ijyb, Natasha


Innate Abilities, Weirdness & Mutations

You have an increased reservoir of magic. (+10% MP)
You shall have no god before yourself.
Your divine heritage dramatically boosts your attributes as you level up.


Message History

The orc's wounds heal themselves!
Unknown command.
Unknown command.
Aiming: Throw Flame
Press: ? - help, Shift-Dir - straight line, f/p - orc
Aim: an orc, wielding a +0 club and wearing a +0 ring mail (72% to hit)
The puff of flame misses the orc priest.
The puff of flame hits the orc but does no damage.
The jackal barely misses you.
An orc comes into view. It is wielding a +0 hand axe.
The orc priest barely misses you.
An orc comes into view. It is wielding a +0 club.
Unknown command.
Unknown command.
Aiming: Throw Flame
Press: ? - help, Shift-Dir - straight line, f/p - orc
Aim: an orc, wielding a +0 club and wearing a +0 ring mail (72% to hit)
The puff of flame misses the orc priest.
The puff of flame hits the orc.
The orc is moderately wounded.
The orc shouts!
You hear a shout!
The jackal bites you but does no damage.
An orc priest comes into view. It is wielding a +0 dagger.
An orc comes into view. It is wielding a +0 dagger.
The orc priest hits you with a +0 club. The jackal bites you.
* * * LOW HITPOINT WARNING * * *
You hear an angry hiss.
The orc priest shouts!
Unknown command.
You hear a shout!
The jackal closely misses you. The orc priest hits you with a +0 club.
* * * LOW HITPOINT WARNING * * *
You climb upwards.
Level annotation: Menkaure, Sigmund
There is a stone staircase leading down here.
Unknown command.
Unknown command.
Unknown command.
The orc priest mumbles some strange prayers to Beogh against you.
Beogh smites you!
You die...

# #.....M.)..#...########## ###
#...............##......#
..###................#......#
...............).....#......#
#####................#......#
#####...........#.......#
####................#
#####.####h...#......#
########........@o..........#
.........#...#####.###......#####
#########..#####...# #.#.........
........#.## #..### #...........
###.....#.# ##.## ###....>....
###...#.# #..# #.........
######..#.# #.#########.........
...[##..#.####...................
....###.#......#########.........


You could see an orc priest and a jackal.

Vanquished Creatures
  A hound (D:3)
  2 jellies
  A gnoll (D:1)
  2 adders
  4 worms
  A dart slug (D:1)
  An orc (D:3)
  10 ball pythons
  14 endoplasms
  2 giant cockroaches
  9 goblins
  12 hobgoblins
  3 jackals
  10 kobolds
  5 quokkas
  5 bats
  5 frilled lizards
  6 rats
93 creatures vanquished.

Vanquished Creatures (others)
  5 fungi (D:2)
  10 toadstools (D:2)
15 creatures vanquished.

Grand Total: 108 creatures vanquished

Notes
Turn   | Place    | Note
-------+----------+-------------------------------------------
     0 | D:1      | drugrobin the Demigod Warper began the quest for the Orb.
     0 | D:1      | Reached XP level 1. HP: 17/17 MP: 5/5
    31 | D:1      | Reached skill level 2 in Polearms
   407 | D:1      | Reached XP level 2. HP: 24/24 MP: 7/7
   672 | D:1      | Reached skill level 3 in Polearms
  1078 | D:1      | Reached XP level 3. HP: 21/29 MP: 8/8
  1081 | D:1      | Learned a level 2 spell: Blink
  1833 | D:2      | Learned a level 3 spell: Teleport Other
  2578 | D:2      | Reached skill level 4 in Polearms
  2579 | D:2      | Noticed Robin
  2992 | D:2      | Reached XP level 4. HP: 32/32 MP: 9/9
  3176 | D:2      | Learned a level 1 spell: Slow
  3893 | D:3      | Reached skill level 1 in Hexes
  4472 | D:3      | Noticed Sigmund
  4977 | D:1      | Reached XP level 5. HP: 23/41 MP: 9/11
  5663 | D:4      | Found a staircase to the Ecumenical Temple.
  5672 | D:4      | Noticed Ijyb
  6038 | D:4      | Noticed Natasha
  6350 | D:4      | Noticed Menkaure
  6381 | D:3      | Killed from afar by an orc priest

Illustrated notes

Levels and vault maps discovered:
D:1:      mrwooster_arrival_statue_2, layout_basic,
          chequers_serial_rivers_micro_b
D:2:      cheibrodos_fertilizer, layout_loops_ring,
          shapermc_ecumenical_altar_petra, st_stairs_6, minmay_small_reverse_x,
          uniq_robin
D:3:      minmay_recursive_quarters, layout_rooms, uniq_sigmund
D:4:      layout_rooms, minmay_temple_entry_ruins, uniq_natasha, uniq_menkaure,
          uniq_ijyb

Skill      XL: |  1  2  3  4 |
---------------+-------------+-----
Polearms       | 2 3 4 |  4.7
Spellcasting   | 2 |  2.5
Hexes          | 1 |  1.7
Fighting       | |  1.7
Throwing       | |  0.8
Armour         | |  0.8
Dodging        | |  1.7
Translocations | |  2.6

Action                   |  1- 3 |  4- 6 || total
-------------------------+-------+-------++-------
Melee: Spear             |   229 |   167 ||   396
       Punch             |     2 |     8 ||    10
       Dagger            |       |    56 ||    56
 Fire: Hunting sling     |       |    16 ||    16
Throw: Stone             |       |     9 ||     9
 Cast: Blink             |     1 |     1 ||     2
       Slow              |       |     2 ||     2
       Teleport Other    |       |     1 ||     1
Evoke: Wand              |       |     6 ||     6
  Use: Scroll            |       |     4 ||     4
 Stab: Distracted        |       |     1 ||     1
Armor: Leather armour    |    51 |    48 ||    99
Dodge: Dodged            |   115 |   124 ||   239

Table legend: (Time is in decaauts)
 A = Elapsed time spent in this place.
 B = Non-inter-level travel time spent in this place.
 C = Inter-level travel time spent in this place.
 D = Time resting spent in this place.
 E = Time spent auto-exploring this place.
 F = Levels seen in this place.
 G = Mean time per level.
                   A        B        C        D        E       F      G
               +--------+--------+--------+--------+--------+-----+--------+
         Total |   6349 |   6069 |    280 |   1853 |   2837 |   4 | 1587.2 |
       Dungeon |   6349 |   6069 |    280 |   1853 |   2837 |   4 | 1587.2 |
               +--------+--------+--------+--------+--------+-----+--------+

Top non-repeatable levels by time:
     D:1: 2261 daAuts
     D:2: 2053 daAuts
     D:3: 1895 daAuts
     D:4: 139 daAuts
